 Dungeon Crawl Stone Soup version 0.18.1-6-gd335043 (webtiles) character file.

154 inmateoo the Ruffian (level 5, -7/42 HPs)
             Began as a Draconian Transmuter on May 15, 2016.
             Killed from afar by an orc wizard (9 damage)
             ... with a puff of frost
             ... on level 3 of the Dungeon.
             The game lasted 00:04:34 (2851 turns).

inmateoo the Ruffian (Draconian Transmuter)         Turns: 2851, Time: 00:04:37

Health: -7/42      AC:  5    Str: 14    XL:     5   Next: 13%
Magic:  7/8        EV: 12    Int: 18    God:
Gold:   66         SH:  0    Dex: 11    Spells: 2 memorised, 6 levels left

rFire  . . .     SeeInvis .       - Unarmed
rCold  . . .     Gourm    .     (armour unavailable)
rNeg   . . .     Faith    .     (no shield)
rPois  .         Spirit   .     (helmet restricted)
rElec  .         Dismiss  .     (no cloak)
rCorr  .         Reflect  .     (no gloves)
SustAt .         Harm     .     (boots currently unavailable)
MR     .....                    l - amulet of regeneration
Stlth  +.........               (no ring)
                                (no ring)

@: brilliant, appendage, not resistant to hostile enchantments, very unstealthy
A: unfitting armour, talons 3, cold-blooded, AC +5
a: End Transformation


You were on level 3 of the Dungeon.
You were not hungry.
You had grown temporary talons.
You visited 1 branch of the dungeon, and saw 3 of its levels.

You collected 66 gold pieces.

Inventory:

Missiles
 a - 59 arrows
Jewellery
 l - an amulet of regeneration (around neck)
Wands
 e - a wand of hasting (0/9)
Scrolls
 k - a scroll of teleportation
Potions
 j - a potion of berserk rage {unknown}
 m - a potion of resistance {unknown}
Books
 b - a book of Changes

   Spells                             Type                      Level
   a - Beastly Appendage              Transmutation                1
   b - Sticks to Snakes               Transmutation                2
   c - Spider Form                    Transmutation/Poison         3
   d - Ice Form                       Ice/Transmutation            4
   e - Blade Hands                    Transmutation                5
Comestibles
 c - 2 bread rations
 f - 3 fruits
 h - a royal jelly
 n - a chunk of flesh
 p - a meat ration


   Skills:
 + Level 2.6 Fighting
 + Level 2.5 Dodging
 * Level 4.0 Unarmed Combat
 + Level 2.6 Spellcasting
 + Level 2.7 Transmutations


You had 6 spell levels left.
You knew the following spells:

 Your Spells              Type           Power        Failure   Level  Hunger
a - Beastly Appendage     Trmt           ###...       1%          1    #......
b - Sticks to Snakes      Trmt           ###.....     1%          2    ##.....


Dungeon Overview and Level Annotations

Branches:
Dungeon (3/15)

Altars:


Innate Abilities, Weirdness & Mutations

Your plain brown scales are hard (AC +5).
Your body does not fit into most forms of armour.
You are cold-blooded and may be slowed by cold attacks.
You have claws for feet.


Message History

Your feet morph into talons.
Something hits you but does no damage.
Unknown command.
You barely miss something.
You hear some strange, mumbled words.
A puff of flame appears from out of thin air!
The puff of flame misses you. Something hits you but does no damage.
You closely miss something. Something hits you.
* * * LOW HITPOINT WARNING * * *
You barely miss something. You claw something. Something hits you.
* * * LOW HITPOINT WARNING * * *
You miss something. Something hits you but does no damage.
Drink which item? (? for menu, Esc to quit)
It was a potion of brilliance.
You feel clever all of a sudden. Something hits you.
* * * LOW HITPOINT WARNING * * *
You hear some strange, mumbled words.
A puff of frost appears from out of thin air!
The puff of frost hits you!
You die...

#########.#..##.#.#.# ... ...
#########.....#(#.#.##.#### #.
........................... ..
###...........#..'.....##.# #
#.............#'#...###.#
#............##.##......#
#...........##.8.##..##########
#..........##)....##..........#
#.....)...##.{@)...##.#######.#
#.........#...#'#...#.# #.#
#.........'8.##.##.8+.# #.#
#########.#.##...##.#.# #.#
###########.###....†###.# #.#
#...........##.......##.# #..
#.........#.#......#..#.# ###
#.........#...#.........
#.........#####..#....##.


There were no monsters in sight!

Vanquished Creatures
  An orc priest (D:3)
  Terence (D:1)
  3 adders
  3 worms (D:2)
  A dart slug (D:2)
  2 giant geckos
  5 orcs (D:3)
  2 ball pythons (D:2)
  4 giant cockroaches
  9 goblins
  4 hobgoblins
  4 jackals (D:1)
  7 kobolds
  A quokka (D:2)
  7 bats
  A giant newt (D:2)
  7 rats
62 creatures vanquished.

Notes
Turn   | Place    | Note
--------------------------------------------------------------
     0 | D:1      | inmateoo the Draconian Transmuter began the quest for the Orb.
     0 | D:1      | Reached XP level 1. HP: 16/16 MP: 3/3
   130 | D:1      | Reached XP level 2. HP: 12/23 MP: 5/5
   977 | D:2      | Reached XP level 3. HP: 17/29 MP: 6/6
   981 | D:2      | Learned a level 2 spell: Sticks to Snakes
  1098 | D:2      | Noticed Terence
  1718 | D:1      | Killed Terence
  1931 | D:2      | Reached XP level 4. HP: 28/36 MP: 7/7
  2828 | D:3      | Reached skill level 4 in Unarmed Combat
  2828 | D:3      | Reached XP level 5. HP: 21/42 MP: 8/8
  2851 | D:3      | HP: 2/42 [something (3)]
  2851 | D:3      | Killed from afar by an orc wizard

Skill      XL: |  1  2  3  4 |
---------------+-------------+-----
Dodging        | 2 |  2.5
Fighting       | 2 |  2.6
Unarmed Combat | 4 |  4.0
Spellcasting   | |  2.6
Transmutations | |  2.7

Action                   |  1- 3 |  4- 6 || total
-------------------------+-------+-------++-------
Melee: Unarmed           |   136 |   141 ||   277
       Tailslap          |    14 |    17 ||    31
       Kick              |     4 |     3 ||     7
       Punch             |     2 |     2 ||     4
 Cast: Beastly Appendage |     7 |     2 ||     9
       Sticks to Snakes  |     2 |       ||     2
  Use: Scroll            |     1 |     4 ||     5
       Potion            |     1 |     2 ||     3
 Stab: Sleeping          |     1 |     1 ||     2
  Eat: Chunk             |     3 |     4 ||     7
Armor: Skin              |    50 |    40 ||    90
Dodge: Dodged            |   124 |    88 ||   212
